UAA
MERCER ISLAND SCREAMING EAGLES @ SANTA BARBARA STREAK
06/30/2018
 
TOP OF THE 1ST
Mercer Island Screaming Eagles batting - Pitching for Santa Barbara Streak : LHP Bill Washington
Pitching: LHP Bill Washington
Batting: SHB Mauro López 0-0: Ground out 1-3 (Groundball, 25)
Batting: RHB Jesús Orozco 0-0: Ball
1-0: Called Strike
1-1: Foul Ball, location: 2F
1-2: SINGLE (Groundball, 5D)
Batting: LHB Mike Russell 0-0: Called Strike
0-1: Called Strike
0-2: Grounds into double play, 4-6-3 (Groundball, 34)
Top of the 1st over - 0 run(s), 1 hit(s), 0 error(s), 0 left on base; Mercer Island 0 - Santa Barbara 0
BOTTOM OF THE 1ST
Santa Barbara Streak batting - Pitching for Mercer Island Screaming Eagles : LHP Miguel Mora
Pitching: LHP Miguel Mora
Batting: RHB Alberto Ortíz 0-0: Ball
1-0: Called Strike
1-1: Ball
2-1: SINGLE (Line Drive, 9LS)
Batting: SHB Charles Harris 0-0: Fly out, F7 (Line Drive, 78M)
Batting: RHB Everett Chambers 0-0: Called Strike
Alberto Ortíz is caught stealing 2nd base
0-1: Ball
1-1: Fly out, F5 (Popup, 5F)
Bottom of the 1st over - 0 run(s), 1 hit(s), 0 error(s), 0 left on base; Mercer Island 0 - Santa Barbara 0
TOP OF THE 2ND
Mercer Island Screaming Eagles batting - Pitching for Santa Barbara Streak : LHP Bill Washington
Batting: SHB Stephen Yates 0-0: Called Strike
0-1: Ground out 4-3 (Groundball, 4M)
Batting: RHB Scotty Anderson 0-0: Ball
1-0: SINGLE (Flyball, 6MD) - OUT at second base trying to stretch hit.
Batting: RHB Michael Montgomery 0-0: Ball
1-0: Called Strike
1-1: Foul Ball, location: 2F
1-2: Foul Ball, location: 2F
1-2: Ball
2-2: Foul Ball, location: 2F
2-2: SINGLE (Groundball, 6M)
Pitching: LHP Michael Hicken
Batting: SHB Ray Davis 0-0: Swinging Strike
0-1: Ball
1-1: Called Strike
1-2: Strikes out swinging
Top of the 2nd over - 0 run(s), 2 hit(s), 0 error(s), 1 left on base; Mercer Island 0 - Santa Barbara 0
BOTTOM OF THE 2ND
Santa Barbara Streak batting - Pitching for Mercer Island Screaming Eagles : LHP Miguel Mora
Batting: RHB Alex Ross 0-0: Called Strike
0-1: Ball
1-1: Ball
2-1: Foul Ball, location: 2F
2-2: Strikes out looking
Batting: RHB Bryan Armstrong 0-0: Called Strike
0-1: Called Strike
0-2: Foul Ball, location: 2F
0-2: Fly out, F7 (Line Drive, 78M)
Batting: SHB Michael Coleman 0-0: Fly out, F1 (Line Drive, 13)
Bottom of the 2nd over - 0 run(s), 0 hit(s), 0 error(s), 0 left on base; Mercer Island 0 - Santa Barbara 0
TOP OF THE 3RD
Mercer Island Screaming Eagles batting - Pitching for Santa Barbara Streak : LHP Michael Hicken
Batting: LHB Gregg Young 0-0: Swinging Strike
0-1: Foul Ball, location: 2F
0-2: Ball
1-2: Strikes out swinging
Batting: RHB Ted Cook 0-0: Ball
1-0: Ball
2-0: Ball
3-0: Called Strike
3-1: Foul Ball, location: 2F
3-2: Fly out, F9 (Flyball, 9M)
Batting: SHB Mauro López 0-0: Called Strike
0-1: Foul Ball, location: 2F
0-2: Foul Ball, location: 2F
0-2: Ball
1-2: Foul Ball, location: 2F
1-2: Fly out, F9 (Line Drive, 89M)
Top of the 3rd over - 0 run(s), 0 hit(s), 0 error(s), 0 left on base; Mercer Island 0 - Santa Barbara 0
BOTTOM OF THE 3RD
Santa Barbara Streak batting - Pitching for Mercer Island Screaming Eagles : LHP Miguel Mora
Batting: SHB Todd Cisneros 0-0: Called Strike
0-1: Called Strike
0-2: Strikes out looking
Batting: LHB Cristo Nieto 0-0: Ball
1-0: Foul Ball, location: 2F
1-1: Swinging Strike
1-2: Strikes out swinging
Batting: SHB Ludovico Bluemel 0-0: Swinging Strike
0-1: Ball
1-1: Ground out 4-3 (Groundball, 4M)
Bottom of the 3rd over - 0 run(s), 0 hit(s), 0 error(s), 0 left on base; Mercer Island 0 - Santa Barbara 0
TOP OF THE 4TH
Mercer Island Screaming Eagles batting - Pitching for Santa Barbara Streak : LHP Michael Hicken
Batting: RHB Jesús Orozco 0-0: Ball
1-0: Bunt for hit - play at first, batter OUT! 3-4
Batting: LHB Mike Russell 0-0: Ball
1-0: Ball
2-0: Fly out, F8 (Flyball, 8LXD)
Batting: SHB Stephen Yates 0-0: Ball
1-0: Ball
2-0: Foul Ball, location: 2F
2-1: Foul Ball, location: 2F
2-2: Strikes out looking
Top of the 4th over - 0 run(s), 0 hit(s), 0 error(s), 0 left on base; Mercer Island 0 - Santa Barbara 0
BOTTOM OF THE 4TH
Santa Barbara Streak batting - Pitching for Mercer Island Screaming Eagles : LHP Miguel Mora
Batting: RHB Alberto Ortíz 0-0: Bunted foul
0-1: Ground out 5-3 (Groundball, 56)
Batting: SHB Charles Harris 0-0: Ball
1-0: Called Strike
1-1: Foul Ball, location: 2F
1-2: Fly out, F9 (Flyball, 9S)
Batting: RHB Everett Chambers 0-0: Ball
1-0: Ground out 6-3 (Groundball, 6)
Bottom of the 4th over - 0 run(s), 0 hit(s), 0 error(s), 0 left on base; Mercer Island 0 - Santa Barbara 0
TOP OF THE 5TH
Mercer Island Screaming Eagles batting - Pitching for Santa Barbara Streak : LHP Michael Hicken
Batting: RHB Scotty Anderson 0-0: Foul Ball, location: 2F
0-1: Ball
1-1: Ball
2-1: Foul Ball, location: 2F
2-2: DOUBLE (Line Drive, 3L)
Batting: RHB Michael Montgomery 0-0: Called Strike
0-1: Bunted foul
0-2: Foul Ball, location: 2F
0-2: Ball
1-2: Foul Ball, location: 2F
1-2: Foul Ball, location: 2F
1-2: Ball
2-2: Foul Ball, location: 2F
2-2: Ball
3-2: Ground out 4-3 (Groundball, 4)
Scotty Anderson to third
Pitching: LHP Jim Unknown
Batting: SHB Ray Davis 0-0: Ball
1-0: Swinging Strike
1-1: Ball
2-1: Foul Ball, location: 2F
2-2: Foul Ball, location: 2F
2-2: Foul Ball, location: 2F
2-2: Ground out 6-3 (Groundball, 15)
Batting: LHB Gregg Young 0-0: Ball
1-0: Ball
2-0: Fly out, F9 (Flyball, 9M)
Top of the 5th over - 0 run(s), 1 hit(s), 0 error(s), 1 left on base; Mercer Island 0 - Santa Barbara 0
BOTTOM OF THE 5TH
Santa Barbara Streak batting - Pitching for Mercer Island Screaming Eagles : LHP Miguel Mora
Batting: RHB Alex Ross 0-0: Ball
1-0: Ball
2-0: Called Strike
2-1: SINGLE (Line Drive, 3D)
Batting: RHB Bryan Armstrong 0-0: Called Strike
0-1: Ball
1-1: Ball
2-1: Foul Ball, location: 2F
2-2: Ball
3-2: SINGLE (Line Drive, 89S)
Alex Ross to second
Batting: SHB Michael Coleman 0-0: Called Strike
0-1: Foul Ball, location: 2F
0-2: Ball
1-2: Strikes out looking
Batting: SHB Todd Cisneros 0-0: SINGLE (Flyball, 89S)
Alex Ross to third
Bryan Armstrong to second
Batting: LHB Cristo Nieto 0-0: Ball
1-0: Grounds into double play, U4-3 (Groundball, 4)
Bottom of the 5th over - 0 run(s), 3 hit(s), 0 error(s), 2 left on base; Mercer Island 0 - Santa Barbara 0
TOP OF THE 6TH
Mercer Island Screaming Eagles batting - Pitching for Santa Barbara Streak : LHP Jim Unknown
Batting: RHB Ted Cook 0-0: Foul Ball, location: 2F
0-1: Foul Ball, location: 2F
0-2: Strikes out swinging
Batting: SHB Mauro López 0-0: Ball
1-0: Fly out, F8 (Flyball, 8RS)
Batting: RHB Jesús Orozco 0-0: Ball
1-0: Called Strike
1-1: Ball
2-1: Called Strike
2-2: Foul Ball, location: 2F
2-2: Strikes out swinging
Top of the 6th over - 0 run(s), 0 hit(s), 0 error(s), 0 left on base; Mercer Island 0 - Santa Barbara 0
BOTTOM OF THE 6TH
Santa Barbara Streak batting - Pitching for Mercer Island Screaming Eagles : LHP Miguel Mora
Batting: SHB Ludovico Bluemel 0-0: Swinging Strike
0-1: Swinging Strike
0-2: Ball
1-2: Ball
2-2: Strikes out swinging
Batting: RHB Alberto Ortíz 0-0: Ball
1-0: Ball
2-0: Called Strike
2-1: Foul Ball, location: 2F
2-2: Ball
3-2: Fly out, F9 (Flyball, 9M)
Batting: SHB Charles Harris 0-0: Foul Ball, location: 2F
0-1: Ball
1-1: Called Strike
1-2: Fly out, F9 (Flyball, 89M)
Bottom of the 6th over - 0 run(s), 0 hit(s), 0 error(s), 0 left on base; Mercer Island 0 - Santa Barbara 0
TOP OF THE 7TH
Mercer Island Screaming Eagles batting - Pitching for Santa Barbara Streak : LHP Jim Unknown
Pinch Hitting: RHB P.J. O'Keefe 0-0: Ball
1-0: Called Strike
1-1: Ball
2-1: Fly out, F3 (Popup, 4S)
Pitching: RHP Donald Simmons
Batting: SHB Stephen Yates 0-0: Ball
1-0: Ball
2-0: Called Strike
2-1: Ball
3-1: Base on Balls
Batting: RHB Scotty Anderson 0-0: Ball
1-0: Ball
2-0: Ball
3-0: Called Strike
3-1: Called Strike
3-2: Fly out, F5 (Line Drive, 5S)
3-2: Fly out, F5 (Line Drive, 5S)
Pinch Hitting: LHB Emery Miller 0-0: Ball
1-0: Swinging Strike
1-1: Ball
2-1: Fly out, F8 (Flyball, 8LS)
Top of the 7th over - 0 run(s), 0 hit(s), 0 error(s), 1 left on base; Mercer Island 0 - Santa Barbara 0
BOTTOM OF THE 7TH
Santa Barbara Streak batting - Pitching for Mercer Island Screaming Eagles : LHP Miguel Mora
Now at 2B: P.J. O'Keefe
Now in RF: Emery Miller
Batting: RHB Everett Chambers 0-0: Foul Ball, location: 2F
0-1: Foul Ball, location: 2F
0-2: Ball
1-2: Fly out, F9 (Flyball, 89S)
Pinch Hitting: RHB Wayne Cameron 0-0: Ball
1-0: Called Strike
1-1: Foul Ball, location: 2F
1-2: Foul Ball, location: 2F
1-2: Ball
2-2: Ball
3-2: Ground out 4-3 (Groundball, 4)
Batting: RHB Bryan Armstrong 0-0: Ball
1-0: Ball
2-0: Foul Ball, location: 2F
2-1: Called Strike
2-2: Foul Ball, location: 2F
2-2: Foul Ball, location: 2F
2-2: Ball
3-2: Fly out, F7 (Line Drive, 7M)
Bottom of the 7th over - 0 run(s), 0 hit(s), 0 error(s), 0 left on base; Mercer Island 0 - Santa Barbara 0
TOP OF THE 8TH
Mercer Island Screaming Eagles batting - Pitching for Santa Barbara Streak : RHP Donald Simmons
Now in CF: Wayne Cameron
Batting: SHB Ray Davis 0-0: Swinging Strike
0-1: Ball
1-1: Ground out 4-3 (Groundball, 4)
Pinch Hitting: RHB Luis Antonio Hernández 0-0: Ball
1-0: Called Strike
1-1: Ball
2-1: Foul Ball, location: 2F
2-2: SINGLE (Groundball, 56D)
Pinch Hitting: LHB Nelson Plasenia 0-0: Ball
1-0: Called Strike
1-1: Ball
2-1: Ground out 5-3 (Groundball, 56)
Luis Antonio Hernández to second
Pinch Hitting: LHB Jeff Lee 0-0: SINGLE (Line Drive, 56D)
Luis Antonio Hernández to third
Runner from 3rd tries for Home, throw and OUT!
Top of the 8th over - 0 run(s), 2 hit(s), 0 error(s), 1 left on base; Mercer Island 0 - Santa Barbara 0
BOTTOM OF THE 8TH
Santa Barbara Streak batting - Pitching for Mercer Island Screaming Eagles : LHP Miguel Mora
Now at 1B: Jeff Lee
Now at SS: Nelson Plasenia
Now in CF: Luis Antonio Hernández
Batting: SHB Michael Coleman 0-0: Called Strike
0-1: Called Strike
0-2: Ground out 5-3 (Groundball, 56)
Pinch Hitting: RHB Pepe Medina 0-0: Swinging Strike
0-1: Ball
1-1: Swinging Strike
1-2: Strikes out looking
Batting: LHB Cristo Nieto 0-0: Foul Ball, location: 2F
0-1: Ball
1-1: Ball
2-1: Ball
3-1: Base on Balls
Batting: SHB Ludovico Bluemel 0-0: Swinging Strike
0-1: Called Strike
0-2: Foul Ball, location: 2F
0-2: Ball
1-2: Ball
2-2: Foul Ball, location: 2F
2-2: Ball
3-2: Ground out 6-3 (Groundball, 6)
Bottom of the 8th over - 0 run(s), 0 hit(s), 0 error(s), 1 left on base; Mercer Island 0 - Santa Barbara 0
TOP OF THE 9TH
Mercer Island Screaming Eagles batting - Pitching for Santa Barbara Streak : RHP Donald Simmons
Pitching: RHP Jim Unknown
Now in LF: Pepe Medina
Batting: RHB Jesús Orozco 0-0: Foul Ball, location: 2F
0-1: Swinging Strike
0-2: SINGLE (Groundball, 56)
Batting: RHB P.J. O'Keefe 0-0: Called Strike
Jesús Orozco steals 2nd base
0-1: Ball
1-1: Foul Ball, location: 2F
1-2: Strikes out swinging
Batting: SHB Stephen Yates 0-0: Intentional Walk
Pinch Hitting: LHB Tyrone Morgan 0-0: Called Strike
0-1: Ball
1-1: Swinging Strike
1-2: Strikes out swinging
Batting: LHB Emery Miller 0-0: Called Strike
0-1: Called Strike
0-2: Strikes out looking
Top of the 9th over - 0 run(s), 1 hit(s), 0 error(s), 2 left on base; Mercer Island 0 - Santa Barbara 0
BOTTOM OF THE 9TH
Santa Barbara Streak batting - Pitching for Mercer Island Screaming Eagles : LHP Miguel Mora
Pitching: LHP Jim Unknown
Now at C: Alberto Trejo
Batting: RHB Alberto Ortíz 0-0: Called Strike
0-1: Foul Ball, location: 2F
0-2: Ball
1-2: Strikes out swinging
Pinch Hitting: SHB Joe Mueller 0-0: Ball
1-0: Ball
2-0: Ground out 1-3 (Groundball, 13)
Batting: RHB Everett Chambers 0-0: Called Strike
0-1: Ball
1-1: Ball
2-1: Foul Ball, location: 2F
2-2: Ball
3-2: Fly out, F7 (Flyball, 7LM)
Bottom of the 9th over - 0 run(s), 0 hit(s), 0 error(s), 0 left on base; Mercer Island 0 - Santa Barbara 0
TOP OF THE 10TH
Mercer Island Screaming Eagles batting - Pitching for Santa Barbara Streak : RHP Jim Unknown
Now at C: Lindsay Scott
Batting: SHB Ray Davis 0-0: Ball
1-0: Ball
2-0: Called Strike
2-1: Foul Ball, location: 2F
2-2: Foul Ball, location: 2F
2-2: Strikes out swinging
Batting: RHB Luis Antonio Hernández 0-0: Foul Ball, location: 2F
0-1: Ball
1-1: Swinging Strike
1-2: Strikes out swinging
Batting: LHB Nelson Plasenia 0-0: Ground out 6-3 (Groundball, 6M)
Top of the 10th over - 0 run(s), 0 hit(s), 0 error(s), 0 left on base; Mercer Island 0 - Santa Barbara 0
BOTTOM OF THE 10TH
Santa Barbara Streak batting - Pitching for Mercer Island Screaming Eagles : LHP Jim Unknown
Batting: RHB Wayne Cameron 0-0: Called Strike
0-1: Ball
1-1: Swinging Strike
1-2: Ground out 5-3 (Groundball, 5S)
Batting: RHB Bryan Armstrong 0-0: Swinging Strike
0-1: Ball
1-1: Ball
2-1: Ball
3-1: Base on Balls
Batting: SHB Michael Coleman 0-0: Ball
1-0: Called Strike
1-1: Ball
2-1: Ball
3-1: Called Strike
3-2: Base on Balls
Bryan Armstrong to second
Pinch Runner at 2nd Terry Conley:
Batting: RHB Pepe Medina 0-0: Called Strike
0-1: Swinging Strike
0-2: Strikes out swinging
Batting: LHB Cristo Nieto 0-0: Called Strike
0-1: Ball
1-1: Called Strike
1-2: Ball
2-2: Strikes out swinging
Bottom of the 10th over - 0 run(s), 0 hit(s), 0 error(s), 2 left on base; Mercer Island 0 - Santa Barbara 0
TOP OF THE 11TH
Mercer Island Screaming Eagles batting - Pitching for Santa Barbara Streak : RHP Jim Unknown
Pitching: LHP Ricardo Ávila
Now at SS: Gil Lowe
Pinch Hitting: RHB Kenzaburo Hori 0-0: Swinging Strike
0-1: Called Strike
0-2: Ball
1-2: Fly out, F6 (Popup, 56D)
Batting: RHB Jesús Orozco 0-0: Ball
1-0: Foul Ball, location: 2F
1-1: Foul Ball, location: 2F
1-2: Ball
2-2: Ground out 4-3 (Groundball, 4)
Batting: RHB P.J. O'Keefe 0-0: Called Strike
0-1: Foul Ball, location: 2F
0-2: Ball
1-2: Fly out, F8 (Flyball, 8RM)
Top of the 11th over - 0 run(s), 0 hit(s), 0 error(s), 0 left on base; Mercer Island 0 - Santa Barbara 0
BOTTOM OF THE 11TH
Santa Barbara Streak batting - Pitching for Mercer Island Screaming Eagles : LHP Jim Unknown
Pitching: RHP Jim Unknown
Now in LF: Kenzaburo Hori
Batting: SHB Ludovico Bluemel 0-0: Ground out 4-3 (Groundball, 4M)
Batting: RHB Alberto Ortíz 0-0: Ball
1-0: Swinging Strike
1-1: Foul Ball, location: 2F
1-2: Strikes out swinging
Batting: RHB Lindsay Scott 0-0: Foul Ball, location: 2F
0-1: Called Strike
0-2: Ball
1-2: Ground out 6-3 (Groundball, 6)
Bottom of the 11th over - 0 run(s), 0 hit(s), 0 error(s), 0 left on base; Mercer Island 0 - Santa Barbara 0
TOP OF THE 12TH
Mercer Island Screaming Eagles batting - Pitching for Santa Barbara Streak : LHP Ricardo Ávila
Batting: SHB Stephen Yates 0-0: Swinging Strike
0-1: Called Strike
0-2: Ball
1-2: Ball
2-2: Strikes out swinging
Batting: RHB Alberto Trejo 0-0: Called Strike
0-1: Swinging Strike
0-2: Strikes out swinging
Pinch Hitting: RHB Paul Houston 0-0: Called Strike
0-1: Swinging Strike
0-2: Ball
1-2: Ball
2-2: Ground out 4-3 (Groundball, 4)
Top of the 12th over - 0 run(s), 0 hit(s), 0 error(s), 0 left on base; Mercer Island 0 - Santa Barbara 0
BOTTOM OF THE 12TH
Santa Barbara Streak batting - Pitching for Mercer Island Screaming Eagles : RHP Jim Unknown
Now at 3B: Paul Houston
Batting: RHB Everett Chambers 0-0: Ball
1-0: Called Strike
1-1: SINGLE (Groundball, 56D)
Batting: RHB Wayne Cameron 0-0: Foul Ball, location: 2F
0-1: Foul Ball, location: 2F
0-2: Ball
1-2: Strikes out looking
Batting: RHB Gil Lowe 0-0: Ball
1-0: Ball
2-0: Swinging Strike
2-1: Foul Ball, location: 2F
2-2: Foul Ball, location: 2F
2-2: Ball
3-2: Strikes out swinging
Batting: SHB Michael Coleman 0-0: Foul Ball, location: 2F
0-1: Called Strike
0-2: Ball
1-2: Ball
2-2: Strikes out swinging
Bottom of the 12th over - 0 run(s), 1 hit(s), 0 error(s), 1 left on base; Mercer Island 0 - Santa Barbara 0
TOP OF THE 13TH
Mercer Island Screaming Eagles batting - Pitching for Santa Barbara Streak : LHP Ricardo Ávila
Batting: SHB Ray Davis 0-0: Foul Ball, location: 2F
0-1: Swinging Strike
0-2: Foul Ball, location: 2F
0-2: Ball
1-2: Strikes out swinging
Batting: RHB Luis Antonio Hernández 0-0: Foul Ball, location: 2F
0-1: Ball
1-1: Swinging Strike
1-2: Strikes out swinging
Batting: LHB Nelson Plasenia 0-0: Foul Ball, location: 2F
0-1: Foul Ball, location: 2F
0-2: Ball
1-2: Strikes out swinging
Top of the 13th over - 0 run(s), 0 hit(s), 0 error(s), 0 left on base; Mercer Island 0 - Santa Barbara 0
BOTTOM OF THE 13TH
Santa Barbara Streak batting - Pitching for Mercer Island Screaming Eagles : RHP Jim Unknown
Batting: RHB Pepe Medina 0-0: Ball
1-0: Swinging Strike
1-1: Swinging Strike
1-2: Ball
2-2: Strikes out swinging
Batting: LHB Cristo Nieto 0-0: Called Strike
0-1: Called Strike
0-2: Ball
1-2: Ground out 4-3 (Groundball, 4)
Batting: SHB Ludovico Bluemel 0-0: Ball
1-0: Reached on Error, E3 (Line Drive, 3S)
Batting: RHB Alberto Ortíz 0-0: Ball
1-0: Called Strike
1-1: Ground out 4-3 (Groundball, 34)
Bottom of the 13th over - 0 run(s), 0 hit(s), 1 error(s), 1 left on base; Mercer Island 0 - Santa Barbara 0
TOP OF THE 14TH
Mercer Island Screaming Eagles batting - Pitching for Santa Barbara Streak : LHP Ricardo Ávila
Batting: RHB Kenzaburo Hori 0-0: Ball
1-0: Fly out, F7 (Flyball, 7S)
Batting: RHB Jesús Orozco 0-0: Called Strike
0-1: Called Strike
0-2: Ball
1-2: SINGLE (Groundball, 56)
Batting: RHB P.J. O'Keefe 0-0: Ball
1-0: Ball
2-0: Called Strike
Jesús Orozco is caught stealing 2nd base
2-1: Swinging Strike
2-2: Strikes out swinging
Top of the 14th over - 0 run(s), 1 hit(s), 0 error(s), 0 left on base; Mercer Island 0 - Santa Barbara 0
BOTTOM OF THE 14TH
Santa Barbara Streak batting - Pitching for Mercer Island Screaming Eagles : RHP Jim Unknown
Batting: RHB Lindsay Scott 0-0: Called Strike
0-1: Swinging Strike
0-2: Ground out 5-3 (Groundball, 5)
Batting: RHB Everett Chambers 0-0: Ground out 6-3 (Groundball, 6M)
Batting: RHB Wayne Cameron 0-0: Called Strike
0-1: Called Strike
0-2: Ball
1-2: Ball
2-2: Foul Ball, location: 2F
2-2: Ground out 4-3 (Groundball, 34)
Bottom of the 14th over - 0 run(s), 0 hit(s), 0 error(s), 0 left on base; Mercer Island 0 - Santa Barbara 0
TOP OF THE 15TH
Mercer Island Screaming Eagles batting - Pitching for Santa Barbara Streak : LHP Ricardo Ávila
Batting: SHB Stephen Yates 0-0: Ground out 6-3 (Groundball, 6)
Batting: RHB Alberto Trejo 0-0: Foul Ball, location: 2F
0-1: Called Strike
0-2: Strikes out swinging
Batting: RHB Paul Houston 0-0: Swinging Strike
0-1: Ball
1-1: Ball
2-1: Foul Ball, location: 2F
2-2: Ball
3-2: Ground out 4-3 (Groundball, 4M)
Top of the 15th over - 0 run(s), 0 hit(s), 0 error(s), 0 left on base; Mercer Island 0 - Santa Barbara 0
BOTTOM OF THE 15TH
Santa Barbara Streak batting - Pitching for Mercer Island Screaming Eagles : RHP Jim Unknown
Batting: RHB Gil Lowe 0-0: Called Strike
0-1: Foul Ball, location: 2F
0-2: Foul Ball, location: 2F
0-2: Strikes out swinging
Batting: SHB Michael Coleman 0-0: Called Strike
0-1: Ball
1-1: Ball
2-1: Foul Ball, location: 2F
2-2: Ball
3-2: Fly out, F6 (Line Drive, 6)
Batting: RHB Pepe Medina 0-0: Fly out, F9 (Flyball, 9D)
Bottom of the 15th over - 0 run(s), 0 hit(s), 0 error(s), 0 left on base; Mercer Island 0 - Santa Barbara 0
TOP OF THE 16TH
Mercer Island Screaming Eagles batting - Pitching for Santa Barbara Streak : LHP Ricardo Ávila
Batting: SHB Ray Davis 0-0: Ball
1-0: Ball
2-0: Ground out 5-3 (Groundball, 56S)
Pitching: RHP Il-gyung Kim
Batting: RHB Luis Antonio Hernández 0-0: Swinging Strike
0-1: Ball
1-1: SINGLE (Line Drive, 4MD)
Batting: LHB Nelson Plasenia 0-0: Ball
1-0: Ground out 4-3 (Groundball, 34D)
Luis Antonio Hernández to second
Batting: RHB Kenzaburo Hori 0-0: Foul Ball, location: 2F
0-1: Foul Ball, location: 2F
0-2: Strikes out looking
Top of the 16th over - 0 run(s), 1 hit(s), 0 error(s), 1 left on base; Mercer Island 0 - Santa Barbara 0
BOTTOM OF THE 16TH
Santa Barbara Streak batting - Pitching for Mercer Island Screaming Eagles : RHP Jim Unknown
Pitching: LHP James Scott
Batting: LHB Cristo Nieto 0-0: Ball
1-0: Called Strike
1-1: Ball
2-1: Called Strike
2-2: Strikes out swinging
Batting: SHB Ludovico Bluemel 0-0: Ball
1-0: Ball
2-0: Ball
3-0: Called Strike
3-1: Foul Ball, location: 2F
3-2: Base on Balls
Batting: RHB Alberto Ortíz 0-0: Fly out, F4 (Line Drive, 4)
Batting: RHB Lindsay Scott 0-0: Ball
1-0: Swinging Strike
1-1: Swinging Strike
1-2: Fly out, F2 (Popup, 2LF)
Bottom of the 16th over - 0 run(s), 0 hit(s), 0 error(s), 1 left on base; Mercer Island 0 - Santa Barbara 0
TOP OF THE 17TH
Mercer Island Screaming Eagles batting - Pitching for Santa Barbara Streak : RHP Il-gyung Kim
Batting: RHB Jesús Orozco 0-0: Ground out 5-3 (Groundball, 5L)
Batting: RHB P.J. O'Keefe 0-0: Ball
1-0: Swinging Strike
1-1: Ball
2-1: Called Strike
2-2: Foul Ball, location: 2F
2-2: Strikes out swinging
Batting: SHB Stephen Yates 0-0: Ball
1-0: Foul Ball, location: 2F
1-1: SINGLE (Line Drive, 56)
Batting: RHB Alberto Trejo 0-0: Foul Ball, location: 2F
0-1: Ball
1-1: Swinging Strike
1-2: Ball
2-2: Strikes out looking
Top of the 17th over - 0 run(s), 1 hit(s), 0 error(s), 1 left on base; Mercer Island 0 - Santa Barbara 0
BOTTOM OF THE 17TH
Santa Barbara Streak batting - Pitching for Mercer Island Screaming Eagles : LHP James Scott
Batting: RHB Everett Chambers 0-0: Called Strike
0-1: Called Strike
0-2: Ball
1-2: Ball
2-2: Ground out 5-3 (Groundball, 56)
Batting: RHB Wayne Cameron 0-0: Swinging Strike
0-1: Swinging Strike
0-2: Foul Ball, location: 2F
0-2: Strikes out swinging
Batting: RHB Gil Lowe 0-0: Ball
1-0: Called Strike
1-1: Ball
2-1: Swinging Strike
2-2: Strikes out looking
Bottom of the 17th over - 0 run(s), 0 hit(s), 0 error(s), 0 left on base; Mercer Island 0 - Santa Barbara 0
TOP OF THE 18TH
Mercer Island Screaming Eagles batting - Pitching for Santa Barbara Streak : RHP Il-gyung Kim
Batting: RHB Paul Houston 0-0: Foul Ball, location: 2F
0-1: Ball
1-1: Swinging Strike
1-2: Foul Ball, location: 2F
1-2: Ball
2-2: Foul Ball, location: 2F
2-2: Strikes out swinging
Batting: SHB Ray Davis 0-0: Ball
1-0: SINGLE (Line Drive, 34D)
Batting: RHB Luis Antonio Hernández 0-0: Ball
1-0: Foul Ball, location: 2F
1-1: Fly out, F9 (Flyball, 9LM)
Batting: LHB Nelson Plasenia 0-0: Called Strike
0-1: Ball
1-1: Foul Ball, location: 2F
1-2: Ball
2-2: Ball
3-2: Base on Balls
Ray Davis to second
Batting: RHB Kenzaburo Hori 0-0: Ball
1-0: SINGLE (Line Drive, 9LS)
Ray Davis to third
Nelson Plasenia to second
Runner from 3rd tries for Home, SAFE, throw made home
Nelson Plasenia to third
Kenzaburo Hori to second
Now in RF: Robbie Anderson
Batting: RHB Jesús Orozco 0-0: Ball
1-0: Ball
2-0: Ball
3-0: Called Strike
3-1: Called Strike
3-2: Strikes out swinging
Top of the 18th over - 1 run(s), 2 hit(s), 0 error(s), 2 left on base; Mercer Island 1 - Santa Barbara 0
BOTTOM OF THE 18TH
Santa Barbara Streak batting - Pitching for Mercer Island Screaming Eagles : LHP James Scott
Batting: SHB Michael Coleman 0-0: Called Strike
0-1: Ground out 6-3 (Groundball, 6)
Batting: RHB Pepe Medina 0-0: Foul Ball, location: 2F
0-1: Ball
1-1: Swinging Strike
1-2: Ball
2-2: Foul Ball, location: 2F
2-2: Ball
3-2: Base on Balls
Batting: LHB Cristo Nieto 0-0: SINGLE (Line Drive, 34D)
Pepe Medina to second
Batting: SHB Ludovico Bluemel 0-0: Ball
1-0: Called Strike
1-1: Ball
2-1: Fly out, F9 (Flyball, 89M)
Batting: RHB Alberto Ortíz 0-0: Foul Ball, location: 2F
0-1: Fly out, F3 (Popup, 3F)
Bottom of the 18th over - 0 run(s), 1 hit(s), 0 error(s), 2 left on base; Mercer Island 1 - Santa Barbara 0
This league is powered by Out of the Park Baseball, the baseball management simulation game for PC, Mac and Linux
Monday, May 4th, 2015 - OOTP Baseball 15.6 Build 34